 Dungeon Crawl Stone Soup version 0.26-a0-466-g989023bd0d (webtiles) character file.

Game seed: 1037650160099805814

6288 HoaS the Brawler (level 10, -7/73 HPs)
             Began as a Ghoul Gladiator on Aug 11, 2020.
             Was a Follower of Makhleb.
             Mangled by a spatial maelstrom (11 damage)
             ... on level 1 of the Abyss.
             The game lasted 00:19:59 (7276 turns).

HoaS the Brawler (Ghoul Gladiator)                  Turns: 7276, Time: 00:20:00

Health: -7/73      AC: 16    Str: 20    XL:     10   Next: 94%
Magic:  9/9        EV: 14    Int:  3    God:    Makhleb [*.....]
Gold:   620        SH:  0    Dex: 12    Spells: 9/9 levels left

rFire    . . .     SeeInvis .     - Unarmed
rCold    + . .     Faith    .   (no shield)
rNeg     + + +     Spirit   .   m - +0 scale mail
rPois    ∞         Reflect  .   b - +1 helmet
rElec    .         Harm     .   l - +1 cloak
rCorr    .                      (no gloves)
MR       .....                  r - +1 pair of boots
Stlth    ..........             c - amulet of the acrobat
HPRegen  0.00/turn              f - +4 ring of protection
MPRegen  0.11/turn              x - ring of flight

@: studying Dodging
A: rotting body, claws 1, cold resistance 1, negative energy resistance 3,
inhibited regeneration, torment resistance, unbreathing
a: Renounce Religion, Evoke Flight


You were on level 1 of the Abyss.
You worshipped Makhleb.
Makhleb was aware of your devotion.
You visited 2 branches of the dungeon, and saw 11 of its levels.
You visited the Abyss 1 time.

You collected 620 gold pieces.

Inventory:

Missiles
 d - 2 silver javelins (quivered)
 e - 22 boomerangs
 k - 7 poisoned darts
 q - 6 atropa-tipped darts
Armour
 b - a +1 helmet (worn)
 l - a +1 cloak (worn)
 m - a +0 scale mail (worn)
 r - a +1 pair of boots (worn)
Jewellery
 c - an amulet of the acrobat (around neck)
 f - a +4 ring of protection (left claw)
 x - a ring of flight (right claw)
Wands
 t - a wand of clouds (6)
 B - a wand of flame (32)
 C - a wand of polymorph (5)
Scrolls
 n - 2 scrolls of remove curse
 p - 2 scrolls of magic mapping
 s - 2 scrolls of fear
 w - a scroll of enchant armour
 y - 4 scrolls of teleportation
Potions
 a - a potion of ambrosia {unknown}
 g - a potion of magic {unknown}
 h - 2 potions of mutation {unknown}
 j - 2 potions of resistance {unknown}
 o - 3 potions of might
 z - a potion of stabbing {unknown}
 A - 2 potions of heal wounds {unknown}
 D - a potion of flight {unknown}
Books
 v - a manual of Dodging


   Skills:
 - Level 2.1 Fighting
 - Level 1.7 Throwing
 - Level 10.0 Dodging
 * Level 15.2 Unarmed Combat


You had 9 spell levels left.
You didn't know any spells.
Your spell library contained the following spells:

 Spells                   Type           Power        Failure   Level
 Animate Skeleton         Necr           #.....       88%         1
 Pain                     Necr           #...         88%         1
 Vampiric Draining        Necr           #.........   99%         3
 Animate Dead             Necr           #.........   100%        4
 Agony                    Necr           #.......     100%        5


Dungeon Overview and Level Annotations

Branches:
Dungeon (10/15)            Temple (1/1) D:7            Lair (0/6) D:10
    Orc: D:9-12

Altars:
Ashenzari
Cheibriados
Dithmenos
Elyvilon
Fedhas
Gozag
Hepliaklqana
Kikubaaqudgha
Makhleb
Nemelex Xobeh
Okawaru
Qazlal
Ru
Sif Muna
Trog
Uskayaw
Vehumet
Wu Jian
Xom
Yredelemnul
Zin
The Shining One

Shops:
D:5 :


Innate Abilities, Weirdness & Mutations

Your body is rotting away.
You thrive by killing the living.
You are immune to poison.
You have sharp fingernails.
Your flesh is cold resistant. (rC+)
You are immune to negative energy. (rN+++)
You do not regenerate when monsters are visible.
You are immune to unholy pain and torment.
You can survive without breathing.


Message History

* * * LOW HITPOINT WARNING * * *
Space bends around you.
* * * LOW HITPOINT WARNING * * *
The spatial maelstrom misses you.
The spatial maelstrom barely misses you.
The spatial maelstrom completely misses you.
The spatial maelstrom closely misses you.
The spatial maelstrom misses you.
The spatial maelstrom hits you but does no damage.
A shadow dragon skeleton comes into view.
A spatial vortex comes into view.
There is a gateway leading deeper into the Abyss here.
You can't go up here!
You are too injured to fight recklessly!
You are too injured to fight recklessly!
You are too injured to fight recklessly!
You mangle the spatial maelstrom!!
The spatial maelstrom is almost destroyed.
The spatial maelstrom hits you!
You die...

..... .Z... .. #.....
..... .
#...###...###...#####
. ..#.....#.....#..
.... ................#
..... #.............#.
....#..............#
.....#)....#@....# .
... .#...##v...## #
..##..#.....#.....#.##
. ..........v.........
#.
.....................
. ....#............##
. ...( ##..##..##..##
.'......
..v...#..##..# .....
.............#


You could see a spatial maelstrom, a spatial vortex and a shadow dragon
skeleton.

Vanquished Creatures
  A two-headed ogre (D:8)
  An efreet (Abyss:1)
  A tormentor (Abyss:1)
  An ancient zyme (Abyss:1)
  A hippogriff (D:7)
  Eustachio (D:6)
  3 small abominations (Abyss:1)
  A warg (D:9)
  A water moccasin (D:9)
  A black bear (D:9)
  6 sky beasts
  8 orc warriors
  A phantom (D:8)
  3 centaurs
  An ogre (D:7)
  A necrophage (D:4)
  A big kobold (D:7)
  2 bullfrogs (D:6)
  A wyvern skeleton (D:9)
  2 scorpions
  3 wights (D:9)
  3 howler monkeys (D:7)
  An electric eel (D:10)
  A jelly (D:6)
  4 orc wizards
  A centaur skeleton (D:9)
  9 hounds
  5 orc priests
  5 bullfrog skeletons
  An iguana (D:6)
  11 worker ants
  A hound zombie (D:5)
  2 worker ant zombies
  16 gnolls
  14 adders
  2 shadow imps
  A white imp (D:5)
  An ufetubus (D:7)
  An adder skeleton (D:4)
  4 worms
  3 dart slugs
  8 leopard geckos
  44 orcs
  7 bats
  7 giant cockroaches
  12 goblins
  5 hobgoblins
  15 jackals
  3 quokkas
  A ball python (D:6)
  4 frilled lizards
  18 kobolds
  A leopard gecko zombie (D:6)
  3 quokka skeletons
  9 rats
264 creatures vanquished.

Notes
Turn   | Place    | Note
-------+----------+-------------------------------------------
     0 | D:1      | HoaS the Ghoul Gladiator began the quest for the Orb.
     0 | D:1      | Reached XP level 1. HP: 17/17 MP: 0/0
   110 | D:1      | Reached XP level 2. HP: 24/24 MP: 1/1
   117 | D:1      | Reached skill level 4 in Unarmed Combat
   302 | D:1      | Reached XP level 3. HP: 25/29 MP: 2/2
   760 | D:2      | Reached skill level 5 in Unarmed Combat
   861 | D:2      | You fall into a shaft and drop 2 floors!
   861 | D:4      | Found a white marble altar of Elyvilon.
   904 | D:4      | Reached XP level 4. HP: 33/36 MP: 3/3
   928 | D:4      | Reached skill level 6 in Unarmed Combat
   969 | D:4      | Noticed a necrophage
   982 | D:4      | Killed a necrophage
   982 | D:4      | Reached XP level 5. HP: 10/41 MP: 4/4
  1076 | D:4      | Reached skill level 7 in Unarmed Combat
  1249 | D:4      | Reached XP level 6. HP: 48/48 MP: 5/5
  1631 | D:2      | Found a snail-covered altar of Cheibriados.
  2003 | D:3      | Reached skill level 8 in Unarmed Combat
  2618 | D:4      | Found an ancient bone altar of Kikubaaqudgha.
  2684 | D:4      | Reached XP level 7. HP: 53/55 MP: 6/6
  2917 | D:4      | Found a hazy altar of Hepliaklqana.
  3051 | D:5      | Entered Level 5 of the Dungeon
  3077 | D:5      | Reached skill level 9 in Unarmed Combat
  3177 | D:5      | Found Zemik's Book Emporium.
  3285 | D:5      | Reached skill level 10 in Unarmed Combat
  3285 | D:5      | Reached XP level 8. HP: 40/61 MP: 4/7
  3353 | D:5      | Found a radiant altar of Vehumet.
  3776 | D:6      | Reached skill level 11 in Unarmed Combat
  3876 | D:6      | Found a blossoming altar of Fedhas.
  3936 | D:6      | Found a sparkling altar of Nemelex Xobeh.
  3954 | D:6      | Noticed Eustachio
  3963 | D:6      | Killed Eustachio
  3993 | D:6      | Found an iron altar of Okawaru.
  3993 | D:6      | Found an opulent altar of Gozag.
  4050 | D:6      | Reached skill level 5 in Dodging
  4050 | D:6      | Reached XP level 9. HP: 58/67 MP: 6/8
  4086 | D:6      | Reached skill level 12 in Unarmed Combat
  4724 | D:7      | Reached skill level 13 in Unarmed Combat
  4899 | D:7      | Found a shimmering altar of Xom.
  5009 | D:7      | Found a staircase to the Ecumenical Temple.
  5041 | Temple   | Entered the Ecumenical Temple
  5254 | Temple   | Became a worshipper of Makhleb the Destroyer
  5431 | D:8      | Found a shadowy altar of Dithmenos.
  5431 | D:8      | Found a glowing golden altar of the Shining One.
  5432 | D:8      | Found a glowing silver altar of Zin.
  5434 | D:8      | Found a basalt altar of Yredelemnul.
  5435 | D:8      | Found a sacrificial altar of Ru.
  5507 | D:8      | Reached XP level 10. HP: 73/73 MP: 9/9
  5596 | D:8      | Noticed a two-headed ogre
  5610 | D:8      | Killed a two-headed ogre
  5763 | D:8      | Reached skill level 14 in Unarmed Combat
  6620 | D:9      | Reached * piety under Makhleb
  6998 | D:10     | Entered Level 10 of the Dungeon
  7102 | D:10     | Found a staircase to the Lair.
  7126 | D:10     | Cast into level 1 of the Abyss (orc priest)
  7197 | Abyss:1  | Noticed a large abomination
  7224 | Abyss:1  | Reached skill level 10 in Dodging
  7224 | Abyss:1  | Reached skill level 15 in Unarmed Combat
  7251 | Abyss:1  | Noticed a spatial maelstrom
  7276 | Abyss:1  | Mangled by a spatial maelstrom

Illustrated notes

Levels and vault maps discovered:
D:1:      lightli_arrival_statuegarden, layout_loops_ring
D:2:      layout_loops_ring, cheibriados_altar_1
D:3:      layout_loops_cross, minmay_close_crescents
D:4:      layout_basic, kiku_gazebo_pond_becter, elyvilon_altar_5,
          lemuel_round_altar, corexii_corridor_pit
D:5:      layout_basic, kennysheep_mini, serial_shops, shop,
          minmay_manual_monstrance
D:6:      layout_rooms, nemelex_altar_shiori,
          gammafunk_temple_overflow_elements, fedhas_altar_2, uniq_eustachio
D:7:      layout_gridville, minmay_temple_entry_tees, basic_altar,
          kennysheep_generic_room_3
D:8:      layout_basic, grunt_temple_overflow_open,
          minmay_misc_feat_secret_circle
D:9:      layout_basic
D:10:     minmay_the_grid_four_pointed_star
          [minmay_the_grid_triangle_9x9_dagger,
          minmay_the_grid_triangle_9x9_windchime,
          minmay_the_grid_triangle_9x9_swiss_cheese,
          minmay_the_grid_triangle_9x9_flanged_cone,
          minmay_the_grid_prize_trominoes], layout_stronghold,
          erik_lair_orcish_takeover, serial_bayou, serial_bayou_shore_b,
          serial_bayou_lagoon_a, serial_bayou_pond_c, serial_bayou_crossing
Temple:   jpeg_temple_island
Abyss:1:  base:
D:15

Skill      XL: |  1  2  3  4  5  6  7  8  9 10 |
---------------+-------------------------------+-----
Unarmed Combat | 4 5 6 7 8 10 11 13 15 | 15.2
Dodging        | 5 7 10 | 10.0
Fighting       | |  2.1
Throwing       | |  1.7

Action                   |  1- 3 |  4- 6 |  7- 9 | 10-12 || total
-------------------------+-------+-------+-------+-------++-------
Melee: Unarmed           |   123 |   181 |   388 |   219 ||   911
       Punch             |     2 |     3 |    17 |    14 ||    36
Throw: Throwing net      |       |     2 |     1 |     1 ||     4
  Use: Scroll            |     7 |     7 |     1 |     5 ||    20
       Potion            |       |       |       |     7 ||     7
 Stab: Held in net/web   |       |       |       |     1 ||     1
Armor: Leather armour    |    24 |       |       |       ||    24
       Scale mail        |     6 |    96 |   186 |    74 ||   362
Dodge: Dodged            |    77 |    77 |   177 |   135 ||   466

Table legend: (Time is in decaauts)
 A = Elapsed time spent in this place.
 B = Non-inter-level travel time spent in this place.
 C = Inter-level travel time spent in this place.
 D = Time resting spent in this place.
 E = Time spent auto-exploring this place.
 F = Levels seen in this place.
 G = Mean time per level.
                   A        B        C        D        E       F      G
               +--------+--------+--------+--------+--------+-----+--------+
         Total |   7132 |   6903 |    229 |    339 |   4801 |  12 |  594.3 |
       Dungeon |   6720 |   6531 |    189 |    290 |   4580 |  10 |  672.0 |
        Temple |    275 |    236 |     39 |      0 |    215 |   1 |  275.0 |
         Abyss |    136 |    136 |      0 |     49 |      5 |   1 |  136.0 |
               +--------+--------+--------+--------+--------+-----+--------+

Top non-repeatable levels by time:
     D:4: 927 daAuts
     D:9: 811 daAuts
     D:8: 737 daAuts
     D:1: 722 daAuts
     D:3: 698 daAuts
     D:5: 697 daAuts
     D:6: 687 daAuts
     D:7: 682 daAuts
     D:2: 665 daAuts
  Temple: 275 daAuts
 Abyss:1: 136 daAuts
    D:10: 91 daAuts
